 Dungeon Crawl Stone Soup version 0.30.1-1-g62c8e00024 (webtiles) character file.

Game seed: 747837265704545264

28 croobank the Caller (level 2, 0/21 HPs)
             Began as a Demonspawn Summoner on July 14, 2023.
             Slain by a hobgoblin (5 damage)
             ... led by Robin
             ... on level 1 of the Dungeon.
             The game lasted 00:04:17 (1639 turns).

croobank the Caller (Demonspawn Summoner)           Turns: 1639, Time: 00:04:18

Health: 0/21       AC:  2    Str:  8    XL:     2   Next: 96%
Magic:  2/5        EV: 12    Int: 16    God:
Gold:   18         SH:  0    Dex: 13    Spells: 2/5 levels left

rFire   . . .        j - +2 whip (elec)
rCold   . . .        (no shield)
rNeg    . . .        a - +0 robe
rPois   .            (helmet restricted)
rElec   .            (no cloak)
rCorr   .            (no gloves)
SInv    .            (no boots)
Will    .....        (no amulet)
Stlth   ++           (no ring)
HPRegen 0.23/turn    (no ring)
MPRegen 0.09/turn

%: no passive effects
@: no status effects
A: antennae 1
a: no special abilities


You were on level 1 of the Dungeon.
You visited 1 branch of the dungeon, and saw 2 of its levels.

You collected 18 gold pieces.

Inventory:

Hand Weapons
 i - a +0 short sword
 j - a +2 whip of electrocution (weapon)
 m - a +0 dagger
Missiles
 g - 5 poisoned darts
Armour
 a - a +0 robe (worn)
Scrolls
 d - 4 scrolls of identify {unknown}
 e - a scroll of vulnerability {unknown}
 f - 4 scrolls of teleportation {unknown}
 h - a scroll of noise {unknown}
 k - a scroll of enchant weapon {unknown}
 l - a scroll of enchant armour {unknown}
Potions
 b - a potion of magic
 c - a potion of berserk rage {unknown}


   Skills:
 + Level 1.1 Fighting
 + Level 2.2 Dodging
 - Level 1.7 Stealth
 + Level 2.3 Spellcasting
 + Level 4.2 Summonings


You had 2 spell levels left.
You knew the following spells:

 Your Spells              Type           Power      Damage    Failure   Level
a - Summon Small Mammal   Summ           60%        N/A       3%          1
b - Call Imp              Summ           30%        N/A       5%          2

Your spell library contained the following spells:

 Spells                   Type           Power      Damage    Failure   Level
 Call Canine Familiar     Summ           15%        N/A       11%         3
 Summon Guardian Golem    Hex/Summ       8%         N/A       26%         3
 Summon Lightning Spire   Summ/Air       8%         N/A       63%         4


Dungeon Overview and Level Annotations

Branches:
Dungeon (2/15)

Altars:

Annotations:
D:2 Robin


Innate Abilities, Weirdness & Mutations

You have a pair of small antennae on your head.


Message History

Your cerulean imp hits the goblin with a -3 spear.
The goblin dies!
You hit the hobgoblin.
The hobgoblin is severely wounded.
Your bat closely misses the hobgoblin.
The hobgoblin barely misses you.
You hit the hobgoblin but do no damage.
Lightning courses through the hobgoblin!
You kill the hobgoblin!
No target in view!
No target in view!
HP restored.
Your bat disappears in a puff of smoke!
Magic restored.
Done exploring.
You climb downwards.
Your summoned ally is left behind.
Level annotation: Robin A goblin comes into view.
It is wielding a +0 dagger.
The hobgoblin hits you. The goblin closely misses you.
The goblin hits you with a +0 dagger. The hobgoblin hits you.
Robin roars a battlecry!
The goblins go into a battle-frenzy!
There is a stone staircase leading up here.
Robin throws the goblin at you! The goblin hits you with a +0 dagger.
The hobgoblin misses you. The goblin closely misses you.
You climb upwards.
Your cerulean imp disappears in a puff of smoke!
There is a stone staircase leading down, spattered with blood here.
Casting: Summon Small Mammal (safe; 3% risk of failure)
Confirm with . or Enter, or press ? or * to list all spells.
A tiny devil pulls itself out of the air.
The goblin barely misses you. The hobgoblin hits you.
* * * LOW HITPOINT WARNING * * *
Casting: Call Imp (safe; 5% risk of failure)
Confirm with . or Enter, or press ? or * to list all spells.
The goblin hits you with a +0 dagger.
* * * LOW HITPOINT WARNING * * *
The hobgoblin misses you.
Your cerulean imp hits the hobgoblin with a -3 spear.
The hobgoblin attacks as you move away! The hobgoblin hits you.
You die...

###...#####.# #.##.#
#.######. ####+#####..#
#.##.# #.#......
...........## #.##.#
#.#.####. ############
#.##.# #.#......
........#########.##.#
#.#######
#######......#.....#.# #.#
#............+..5))'.# #.#
#............#.gr..######.#
#..............)@g........#
#........##################
#........# #........#
#.(......#######
#######...>...(# #........#
#........# #........#


You could see a hobgoblin (strong, ally target), a goblin (strong, ally target),
a friendly cerulean imp (summoned) and a friendly quokka (summoned).

Vanquished Creatures
  A dart slug (D:1)
  A ball python (D:1)
  2 endoplasms (D:1)
  2 goblins (D:1)
  3 hobgoblins (D:1)
  A quokka (D:1)
10 creatures vanquished.

Vanquished Creatures (collateral kills)
  A ball python (D:1)
  4 goblins (D:1)
  A quokka (D:1)
  A bat (D:1)
  A frilled lizard (D:1)
  2 kobolds (D:1)
  2 rats (D:1)
12 creatures vanquished.

Grand Total: 22 creatures vanquished

Notes
Turn   | Place    | Note
-------+----------+-------------------------------------------
     0 | D:1      | croobank the Demonspawn Summoner began the quest for the
                  | Orb.
     0 | D:1      | Reached XP level 1. HP: 13/13 MP: 3/3
   493 | D:1      | Gained mutation: You have a pair of small antennae on your
                  | head. [demonic ancestry]
   493 | D:1      | Reached XP level 2. HP: 14/20 MP: 3/5
   496 | D:1      | Learned a level 2 spell: Call Imp
  1252 | D:1      | Found a faded altar of an unknown god.
  1335 | D:2      | Noticed Robin
  1343 | D:1      | Reached skill level 1 in Fighting
  1639 | D:1      | Slain by a hobgoblin

Illustrated notes

Levels and vault maps discovered:
D:1:      dpeg_arrival_three_smaller_balls, layout_basic,
          chequers_ecumenical_altar_grove
D:2:      layout_basic, minmay_misc_feat_rows, minmay_tall_x, uniq_robin,
          uniq_sigmund

Skill      XL: |  1  2 |
---------------+-------+-----
Dodging        | 2 |  2.2
Fighting       | 1 |  1.1
Stealth        | |  1.7
Spellcasting   | |  2.3
Summonings     | |  4.2

Action                     || total
---------------------------++-------
  Melee: Unarmed           ||     9
         Whip              ||    27
   Cast: Summon Small Mamm ||    27
         Call Imp          ||     6
 Armour: Robe              ||    14
  Dodge: Dodged            ||    39
